[Event "Titled Tuesday Blitz June 13 Late 2023"]
[White "Yanchenko, Roman"]
[Black "Ibarra Jerez, Jose Carlos"]
[WhiteFideId "4137329"]
[BlackFideId "2226332"]
[WhiteElo "2491"]
[BlackElo "2631"]
[Result "0-1"]
[Round "10"]
[TimeControl "180+2"]
[Date "2023.06.13"]
[WhiteClock "0:00:04"]
[BlackClock "0:00:07"]
[Board "14"]

1. d4 Nf6 2. Nf3 g6 3. c4 d6 4. Nc3 Bf5 5. Bf4 Bg7 6. e3 O-O 7. h3 Ne4 8. Nxe4 Bxe4 9. Bd3 Bxf3 10. Qxf3 Nc6 11. Be4 Qd7 12. Rd1 f5 13. Bd5+ e6 14. Bxc6 bxc6 15. O-O Rab8 16. b3 a5 17. Qe2 a4 18. Rb1 Rb4 19. Qc2 axb3 20. Rxb3 Ra4 21. Rfb1 Raa8 22. Bg3 h6 23. c5 d5 24. Rb7 Rfc8 25. a4 Qe7 26. R1b6 Qd7 27. Qb3 g5 28. Be5 Bxe5 29. dxe5 Qg7 30. f4 gxf4 31. exf4 Qd7 32. Rb4 Kh7 33. Rb8 Qe7 34. Rxc8 Qxc5+ 35. Kh2 Rxc8 36. Rb8 Rxb8 37. Qxb8 Qe3 38. Qxc7+ Kg6 39. Qxc6 Qxf4+ 40. Kh1 Qf1+ 41. Kh2 Qf4+ 42. Kh1 Qxe5 43. a5 d4 44. Qc4 Qe1+ 45. Kh2 Qe5+ 46. Kh1 Qd6 47. a6 d3 48. Qc1 Qxa6 49. Qe3 Qd6 50. Qd2 e5 51. h4 e4 52. h5+ Kxh5 53. Qf2 Kg6 54. Qd2 f4 55. Qe1 e3 56. Qb1 e2 57. Kh2 f3+ 58. Kh3 Qe6+ 59. Kg3 e1=Q+ 60. Kxf3 Q1e3# 0-1


[Site "https://www.chess.com"]

[Event "Titled Tuesday Blitz June 13 Late 2023"]
[White "Demidov, Mikhail"]
[Black "Mortazavi, Ali"]
[WhiteFideId "4197143"]
[BlackFideId "401323"]
[WhiteElo "2500"]
[BlackElo "2339"]
[Result "1-0"]
[Round "10"]
[TimeControl "180+2"]
[Date "2023.06.13"]
[WhiteClock "0:00:09"]
[BlackClock "0:00:00"]
[Board "15"]

1. Nf3 Nf6 2. g3 g6 3. b3 Bg7 4. Bb2 O-O 5. Bg2 d6 6. d4 a5 7. O-O a4 8. c4 c6 9. bxa4 Qa5 10. Nc3 Qh5 11. Re1 Bg4 12. Qb3 Nbd7 13. Rab1 Rab8 14. Nd2 e5 15. e3 Rfe8 16. Ba3 exd4 17. exd4 Bf5 18. Rbd1 Ng4 19. Rxe8+ Rxe8 20. Nf3 c5 21. h3 cxd4 22. hxg4 Bxg4 23. Nd5 Ne5 24. Nf4 Qh6 25. Bxd6 Nxf3+ 26. Bxf3 Bxf3 27. Qxf3 g5 28. Qd5 gxf4 29. Bxf4 Qa6 30. Qb5 Qa8 31. Rb1 d3 32. Rd1 Qd8 33. Qd5 Qa8 34. Qxd3 Qxa4 35. Qb3 Qc6 36. Rd5 Re1+ 37. Kg2 Bf8 38. Qb5 Qe6 39. Rg5+ Kh8 40. Re5 Rxe5 41. Qxe5+ Qxe5 42. Bxe5+ Kg8 43. Kf3 Bc5 44. g4 Kf8 45. Bg3 Ke7 46. Ke4 Ke6 47. f4 Bg1 48. f5+ Kd7 49. Kd5 Be3 50. Be5 Bc1 51. Bd4 Bf4 52. Kc5 Bc7 53. Kb5 Ke7 54. a4 1-0


[Site "https://www.chess.com"]

[Event "Titled Tuesday Blitz June 13 Late 2023"]
[White "Tanenbaum, Zachary"]
[Black "Hansen, Eric"]
[WhiteFideId "2060850"]
[BlackFideId "2606771"]
[WhiteElo "2207"]
[BlackElo "2561"]
[Result "1-0"]
[Round "10"]
[TimeControl "180+2"]
[Date "2023.06.13"]
[WhiteClock "0:00:44"]
[BlackClock "0:00:00"]
[Board "16"]

1. e4 c5 2. Nf3 e6 3. d4 cxd4 4. Nxd4 a6 5. Bd3 Qb6 6. Nb3 Qc7 7. O-O d6 8. Nc3 Nf6 9. Be3 b5 10. f4 Bb7 11. a3 Nbd7 12. Qf3 Be7 13. Rae1 O-O 14. g4 d5 15. e5 Ne4 16. Nxe4 dxe4 17. Bxe4 Bxe4 18. Qxe4 Nb6 19. f5 Bh4 20. Re2 Nd5 21. Bc5 Rfc8 22. fxe6 fxe6 23. g5 Bxg5 24. Qg4 Qd8 25. Qxe6+ Kh8 26. Rf8+ Qxf8 27. Bxf8 Nf4 28. Bxg7+ Kxg7 29. Qd7+ Kh6 30. Rd2 Rc4 31. Nd4 Kg6 32. Qf5+ Kh6 33. h4 Nh3+ 34. Qxh3 Bxd2 35. Qe6+ Kh5 36. Qf5+ Kh6 37. Qf6+ Kh5 38. Qf3+ Kg6 39. Qg2+ 1-0


[Site "https://www.chess.com"]

[Event "Titled Tuesday Blitz June 13 Late 2023"]
[White "Manea, Alexandru"]
[Black "Chigaev, Maksim"]
[WhiteFideId "1207660"]
[BlackFideId "4108116"]
[WhiteElo "2226"]
[BlackElo "2561"]
[Result "0-1"]
[Round "10"]
[TimeControl "180+2"]
[Date "2023.06.13"]
[WhiteClock "0:01:29"]
[BlackClock "0:00:42"]
[Board "17"]

1. e4 e6 2. d4 d5 3. exd5 exd5 4. Nf3 Bd6 5. Bd3 Ne7 6. O-O O-O 7. Re1 Nbc6 8. c3 Bf5 9. Bxf5 Nxf5 10. Nbd2 Qd7 11. Nf1 f6 12. Ne3 Nce7 13. Bd2 c6 14. Re2 Rae8 15. Qc2 Nxe3 16. Bxe3 Nf5 17. Rae1 g5 18. h3 h5 19. Bc1 Rxe2 20. Rxe2 Qh7 21. Re6 g4 22. Nh4 Nxh4 23. Qxh7+ Kxh7 24. Rxd6 gxh3 25. Rd7+ Kg6 26. Re7 hxg2 27. Bf4 Rf7 28. Re8 Kf5 29. Bg3 Ng6 30. Kxg2 Re7 31. Rb8 Nf4+ 32. Kf3 Nd3 33. Bd6 Ne1+ 34. Kg3 Rg7+ 35. Kh3 Nd3 36. Ba3 Nxf2+ 37. Kh4 Nd3 38. Ra8 Nf4 0-1


[Site "https://www.chess.com"]

[Event "Titled Tuesday Blitz June 13 Late 2023"]
[White "Tristan, Leonardo"]
[Black "Xiong, Jeffery"]
[WhiteFideId "113816"]
[BlackFideId "2047640"]
[WhiteElo "2461"]
[BlackElo "2726"]
[Result "0-1"]
[Round "10"]
[TimeControl "180+2"]
[Date "2023.06.13"]
[WhiteClock "0:00:04"]
[BlackClock "0:00:55"]
[Board "18"]

1. d4 g6 2. e4 Bg7 3. Nc3 a6 4. f4 d6 5. Nf3 b5 6. Bd3 Nd7 7. a4 b4 8. Ne2 c5 9. c3 Bb7 10. O-O Ngf6 11. Ng3 O-O 12. Qe2 bxc3 13. bxc3 cxd4 14. cxd4 e5 15. fxe5 dxe5 16. Rb1 Bc6 17. d5 Bxa4 18. Ba3 Re8 19. Bxa6 Qa5 20. Bb7 Ra7 21. Kh1 Bb5 22. Rxb5 Qxa3 23. Bc6 Qd6 24. Rfb1 Rb8 25. Rxb8+ Nxb8 26. Bb5 Nbd7 27. Bc6 h5 28. h3 Nc5 29. Nd2 h4 30. Ngf1 Bh6 31. Nc4 Qc7 32. Nfd2 Ra2 33. Qe1 Nh5 34. Nf3 Ng3+ 35. Kh2 Bf4 36. Kg1 Ncxe4 37. Nxh4 Qa7+ 38. Kh2 Ne2+ 0-1


[Site "https://www.chess.com"]

[Event "Titled Tuesday Blitz June 13 Late 2023"]
[White "Aravindh, Chithambaram VR."]
[Black "Annaberdiyev, Meylis"]
[WhiteFideId "5072786"]
[BlackFideId "14000563"]
[WhiteElo "2596"]
[BlackElo "2416"]
[Result "1-0"]
[Round "10"]
[TimeControl "180+2"]
[Date "2023.06.13"]
[WhiteClock "0:01:09"]
[BlackClock "0:00:00"]
[Board "19"]

1. Nf3 Nf6 2. e3 d5 3. d4 Bf5 4. c4 e6 5. Nc3 c6 6. Nh4 Be4 7. f3 Bg6 8. Qb3 Qc7 9. Bd2 Nbd7 10. Nxg6 hxg6 11. O-O-O O-O-O 12. Kb1 Rxh2 13. Rxh2 Qxh2 14. cxd5 Nxd5 15. Rc1 Kb8 16. Nxd5 cxd5 17. e4 Qd6 18. e5 Qb6 19. Qa4 1-0


[Site "https://www.chess.com"]

[Event "Titled Tuesday Blitz June 13 Late 2023"]
[White "Mekhitarian, Krikor Sevag"]
[Black "Gomez Ledo, Roberto Carlos"]
[WhiteFideId "2107660"]
[BlackFideId "3507076"]
[WhiteElo "2604"]
[BlackElo "2378"]
[Result "0-1"]
[Round "10"]
[TimeControl "180+2"]
[Date "2023.06.13"]
[WhiteClock "0:00:04"]
[BlackClock "0:00:34"]
[Board "20"]

1. Nf3 d5 2. c4 e6 3. d4 Nf6 4. cxd5 exd5 5. Nc3 c6 6. Bf4 Bf5 7. e3 Nbd7 8. h3 h6 9. g4 Bh7 10. Bd3 Ne4 11. Qc2 Bb4 12. Kf1 Qe7 13. Kg2 O-O 14. a3 Bxc3 15. bxc3 f5 16. Rag1 Rae8 17. Kf1 Qxa3 18. g5 hxg5 19. Nxg5 Nxg5 20. Rxg5 Rf7 21. Rhg1 Qf8 22. f3 Kh8 23. Kf2 b5 24. h4 a5 25. h5 a4 26. Qb1 Re6 27. Rg6 Ref6 28. R1g3 Qe7 29. Qg1 a3 30. Bg5 a2 31. Bxf6 Nxf6 32. Qa1 Qa3 33. Bxf5 Nxh5 34. R3g5 Rxf5 35. Rxf5 Bxg6 36. Rg5 Kh7 37. Rg1 Qb3 38. Rc1 Qb1 39. Ke2 Qxa1 40. Rxa1 Bb1 41. e4 Kg6 42. Ke3 Kf6 43. exd5 cxd5 44. Kf2 Kf5 45. Ke3 Nf4 46. Kd2 g5 47. Ke3 Ne6 48. Kf2 Kf4 49. Ke2 Ng7 50. Kd2 Nf5 51. Kc1 Nh4 52. Kb2 Nxf3 53. c4 bxc4 54. Kc3 g4 55. Kb2 g3 56. Kc3 g2 0-1


[Site "https://www.chess.com"]

[Event "Titled Tuesday Blitz June 13 Late 2023"]
[White "Jumabayev, Rinat"]
[Black "Sun, Rick"]
[WhiteFideId "13702661"]
[BlackFideId "30909481"]
[WhiteElo "2561"]
[BlackElo "2169"]
[Result "0-1"]
[Round "10"]
[TimeControl "180+2"]
[Date "2023.06.13"]
[WhiteClock "0:00:00"]
[BlackClock "0:00:02"]
[Board "21"]

1. e4 e5 2. Nf3 Nc6 3. Bb5 a6 4. Ba4 Nf6 5. O-O Be7 6. Re1 b5 7. Bb3 d6 8. c3 O-O 9. h3 Na5 10. Bc2 d5 11. exd5 e4 12. Bxe4 Nxe4 13. Rxe4 Bb7 14. d4 Nc4 15. b3 Nb6 16. Nbd2 Nxd5 17. Bb2 b4 18. cxb4 Nxb4 19. Re3 Nd5 20. Re1 Nf4 21. Ne4 Bb4 22. Bc3 Bxc3 23. Nxc3 Qf6 24. Ne4 Qg6 25. Ng3 Rad8 26. Rc1 Qd6 27. Re3 h6 28. Kh2 h5 29. h4 Rfe8 30. Qd2 Nd5 31. Rxe8+ Rxe8 32. Ne5 Nf6 33. Re1 Rxe5 34. Rxe5 Ng4+ 35. Kg1 Nxe5 36. Nf5 Qf6 37. Ng3 Qf3 38. gxf3 Nxf3+ 39. Kf1 Nxd2+ 40. Ke2 Ne4 41. Nxh5 Nf6 42. Nf4 Nd5 43. Nd3 g6 44. Nc5 Bc8 45. f3 Nb4 46. a3 Nc6 47. Ke3 Kg7 48. b4 Ne7 49. Kf4 Nf5 50. Ke5 Nxh4 51. Ke4 Bf5+ 52. Ke3 Bc8 53. a4 Nf5+ 54. Ke4 Kf6 55. Kd5 Nd6 56. Kc6 Nf5 57. d5 Nd4+ 58. Kxc7 Nxf3 59. Kxc8 Ne5 60. Nxa6 g5 61. Nc5 g4 62. a5 Kf5 63. a6 g3 64. a7 g2 65. a8=Q g1=Q 66. Qa4 Ng6 67. Qc2+ Kf6 68. Qc3+ Kf5 69. Qd3+ Kf6 70. Qf3+ Kg7 71. d6 Qa1 72. d7 Ne7+ 73. Kb8 Qe5+ 74. Kb7 Qd6 75. Qg4+ Kh7 76. Qe4+ Kg7 0-1


[Site "https://www.chess.com"]

[Event "Titled Tuesday Blitz June 13 Late 2023"]
[White "Pap, Gyula"]
[Black "Adewumi, Tanitoluwa"]
[WhiteFideId "725323"]
[BlackFideId "30966396"]
[WhiteElo "2519"]
[BlackElo "2651"]
[Result "0-1"]
[Round "10"]
[TimeControl "180+2"]
[Date "2023.06.13"]
[WhiteClock "0:00:00"]
[BlackClock "0:00:09"]
[Board "22"]

1. d4 Nf6 2. c4 e6 3. Nc3 Bb4 4. Qb3 a5 5. a3 a4 6. Qxb4 Nc6 7. Qc5 Ra5 8. Nb5 d6 9. Qg5 Nxd4 10. Nxd4 Rxg5 11. Bxg5 h6 12. Bxf6 Qxf6 13. O-O-O Qxf2 14. e4 Qe3+ 15. Kb1 Qxe4+ 16. Nc2 e5 17. Nf3 O-O 18. Bd3 Qg4 19. Ne3 Qf4 20. Nd5 Qg4 21. Ne3 Qf4 22. Rhe1 Be6 23. Nd5 Bxd5 24. cxd5 f5 25. Bc2 b5 26. Rf1 Qg4 27. h3 Qg3 28. Ne1 g6 29. Rf3 Qh4 0-1


[Site "https://www.chess.com"]

[Event "Titled Tuesday Blitz June 13 Late 2023"]
[White "Kosakowski, Jakub"]
[Black "Vlassov, Nikolai"]
[WhiteFideId "1185080"]
[BlackFideId "4103360"]
[WhiteElo "2488"]
[BlackElo "2324"]
[Result "1-0"]
[Round "10"]
[TimeControl "180+2"]
[Date "2023.06.13"]
[WhiteClock "0:01:15"]
[BlackClock "0:00:36"]
[Board "23"]

1. d4 Nf6 2. Nf3 e6 3. e3 c5 4. b3 b6 5. Bb2 Bb7 6. Bd3 Be7 7. Nbd2 d6 8. Qe2 Nbd7 9. O-O Qc7 10. c4 O-O-O 11. a3 g5 12. b4 g4 13. Ne1 h5 14. e4 cxd4 15. Bxd4 h4 16. a4 g3 17. fxg3 hxg3 18. h3 Ne5 19. a5 Nfd7 20. axb6 axb6 21. Nef3 Bf6 22. Nb3 Nxf3+ 23. Qxf3 Bxd4+ 24. Nxd4 Ne5 25. Qe2 Kd7 26. Qe3 Ra8 27. Rad1 Ra3 28. Nb5 Rxd3 29. Rxd3 Qxc4 30. Rxd6+ Ke7 31. Qg5+ 1-0


[Site "https://www.chess.com"]

[Event "Titled Tuesday Blitz June 13 Late 2023"]
[White "Goltsev, Dmitry"]
[Black "Fiorito, Joaquin"]
[WhiteFideId "24176710"]
[BlackFideId "180173"]
[WhiteElo "2356"]
[BlackElo "2199"]
[Result "0-1"]
[Round "10"]
[TimeControl "180+2"]
[Date "2023.06.13"]
[WhiteClock "0:00:29"]
[BlackClock "0:00:27"]
[Board "24"]

1. e4 c5 2. Nf3 d6 3. d4 cxd4 4. Nxd4 Nf6 5. Nc3 a6 6. Be2 e5 7. Nb3 Be6 8. Be3 Be7 9. Nd5 Nbd7 10. f3 Nxd5 11. exd5 Bf5 12. c4 a5 13. Qd2 a4 14. Nc1 b6 15. Nd3 Bxd3 16. Bxd3 Nc5 17. Bc2 O-O 18. O-O f5 19. b4 Nd7 20. a3 g6 21. Qd1 Bg5 22. Bf2 e4 23. fxe4 fxe4 24. Bxe4 Ne5 25. c5 bxc5 26. bxc5 dxc5 27. Bxc5 Rxf1+ 28. Qxf1 Rc8 29. Bb4 Be3+ 30. Kh1 Ng4 31. h3 Nf2+ 32. Kh2 Nxe4 33. Qf3 Bd4 34. Qxe4 Bxa1 35. Qe6+ Kg7 36. Be7 Qg8 37. Qd7 Be5+ 38. g3 Rc7 39. Bf6+ Kxf6 40. Qxa4 Qxd5 41. Qh4+ Kg7 0-1


[Site "https://www.chess.com"]

[Event "Titled Tuesday Blitz June 13 Late 2023"]
[White "Chernobay, Artem"]
[Black "Rustemov, Alexander"]
[WhiteFideId "4167406"]
[BlackFideId "4119002"]
[WhiteElo "2474"]
[BlackElo "2786"]
[Result "1-0"]
[Round "10"]
[TimeControl "180+2"]
[Date "2023.06.13"]
[WhiteClock "0:00:08"]
[BlackClock "0:00:00"]
[Board "25"]

1. d4 d5 2. c4 c6 3. Nf3 Nf6 4. Nc3 a6 5. c5 Bf5 6. Qb3 Qc8 7. Na4 Nbd7 8. Nh4 Bg6 9. g3 e5 10. Bh3 Qc7 11. O-O Be7 12. dxe5 Nxe5 13. Bf4 Ne4 14. Nf3 f6 15. Nd4 Bf7 16. Rac1 O-O 17. Be6 Rae8 18. Bxf7+ Rxf7 19. Kg2 f5 20. f3 Ng5 21. h4 Ne4 22. fxe4 fxe4 23. Nc3 Bd8 24. Nd1 Qd7 25. Ne3 Ng6 26. Bd6 Bxh4 27. Rxf7 Kxf7 28. Rf1+ Kg8 29. gxh4 Nxh4+ 30. Kf2 h6 31. Ke1 Kh7 32. Nef5 Ng6 33. Qg3 b6 34. Rg1 Qf7 35. cxb6 c5 36. Bxc5 Rc8 37. b7 Rxc5 38. b8=Q Rc1+ 39. Kd2 Rc4 40. Qxg6+ Qxg6 41. Rxg6 Kxg6 42. Qe8+ Kh7 43. Qf7 1-0


[Site "https://www.chess.com"]

[Event "Titled Tuesday Blitz June 13 Late 2023"]
[White "Santos Ruiz, Miguel"]
[Black "Bayo Milagro, Alvaro"]
[WhiteFideId "22291482"]
[BlackFideId "22275240"]
[WhiteElo "2499"]
[BlackElo "2270"]
[Result "1/2-1/2"]
[Round "10"]
[TimeControl "180+2"]
[Date "2023.06.13"]
[WhiteClock "0:00:12"]
[BlackClock "0:00:04"]
[Board "26"]

1. e4 e5 2. Nf3 Nf6 3. Nxe5 d6 4. Nf3 Nxe4 5. d4 d5 6. Bd3 Bd6 7. O-O O-O 8. Re1 Bf5 9. Nbd2 Re8 10. Nf1 Bg6 11. c4 c6 12. Qb3 Qd7 13. Ng3 Nxg3 14. Rxe8+ Qxe8 15. hxg3 Bxd3 16. Qxd3 dxc4 17. Qxc4 Nd7 18. Bf4 Bxf4 19. gxf4 Nb6 20. Qb3 Qd7 21. Re1 Re8 22. Re5 g6 23. Qe3 Re6 24. Ng5 Rxe5 25. fxe5 Nc4 26. Qf4 Qf5 27. Qh4 h5 28. Ne4 Nxb2 29. Qd8+ Kg7 30. Nf6 Nd3 31. f3 Nf4 32. Qg8+ Kh6 33. Qxf7 Nh3+ 34. gxh3 Qb1+ 35. Kf2 Qc2+ 36. Ke3 Qc3+ 37. Ke4 Qc2+ 38. Ke3 Qc3+ 39. Kf2 Qd2+ 40. Kg3 Qe1+ 41. Kg2 Qe2+ 42. Kg3 Qe1+ 43. Kf4 Qd2+ 44. Ke4 Qe2+ 45. Kf4 Qd2+ 46. Kg3 Qe1+ 1/2-1/2


[Site "https://www.chess.com"]

[Event "Titled Tuesday Blitz June 13 Late 2023"]
[White "Gimenez Aguirre, Alejo Ismael"]
[Black "Fernandez Guillen, Ernesto J."]
[WhiteFideId "32041667"]
[BlackFideId "3512428"]
[WhiteElo "2165"]
[BlackElo "2434"]
[Result "0-1"]
[Round "10"]
[TimeControl "180+2"]
[Date "2023.06.13"]
[WhiteClock "0:00:15"]
[BlackClock "0:01:32"]
[Board "27"]

1. e4 e5 2. Nf3 Nc6 3. Bb5 f5 4. d4 fxe4 5. Bxc6 bxc6 6. Nxe5 Nf6 7. O-O Bd6 8. f3 O-O 9. fxe4 Nxe4 10. Rxf8+ Qxf8 11. Qe2 Bxe5 12. dxe5 Ba6 13. Qe1 Qc5+ 14. Be3 Qxc2 15. Nc3 Rf8 16. Rc1 Qd3 17. Nxe4 Rf1+ 18. Qxf1 Qxe3+ 19. Nf2 Bxf1 20. Rxf1 Qxe5 21. b3 Qb2 22. Rd1 d6 23. g4 Qxa2 24. Rd3 a5 25. Kg2 a4 26. bxa4 Qxa4 27. h3 h6 28. Kf3 c5 29. Re3 c4 30. Ne4 d5 31. Nc5 Qc6 32. Ne6 d4+ 33. Re4 c3 34. Nxd4 Qd5 35. Ke3 c5 36. Nf5 Qd2+ 37. Kf3 c2 38. Re8+ Kf7 39. Rc8 c1=Q 40. Rc7+ Kf8 41. Rc8+ Kf7 42. Rc7+ Ke6 43. Nxg7+ Ke5 44. Re7+ Kf6 0-1


[Site "https://www.chess.com"]

[Event "Titled Tuesday Blitz June 13 Late 2023"]
[White "Djordjevic, Vuk"]
[Black "Zavgorodniy, Sergiy"]
[WhiteFideId "902098"]
[BlackFideId "14110148"]
[WhiteElo "2463"]
[BlackElo "2402"]
[Result "1-0"]
[Round "10"]
[TimeControl "180+2"]
[Date "2023.06.13"]
[WhiteClock "0:00:03"]
[BlackClock "0:00:00"]
[Board "28"]

1. d4 d5 2. Nf3 Nf6 3. c4 dxc4 4. Nc3 a6 5. a4 Nc6 6. e3 Na5 7. Ne5 Be6 8. Be2 c5 9. Bf3 cxd4 10. exd4 g6 11. d5 Bf5 12. g4 Bd3 13. Nxd3 cxd3 14. Qxd3 Nb3 15. Rb1 Nxc1 16. Rxc1 Bg7 17. O-O O-O 18. Rfe1 Qd6 19. Rc2 Rac8 20. Rce2 Rfe8 21. Qe3 Rc4 22. h3 Bf8 23. g5 Nd7 24. Ne4 Qb4 25. b3 Rcc8 26. Bg4 Red8 27. d6 Rc6 28. dxe7 Bxe7 29. Rd1 Ne5 30. Rxd8+ Bxd8 31. Kg2 Kg7 32. Qf4 Nd3 33. Qd2 Qd4 34. Re3 Bb6 35. Qxd3 Qe5 36. Qe2 Bxe3 37. Qxe3 Qc7 38. Nf6 Qd8 39. Ne8+ 1-0


[Site "https://www.chess.com"]

[Event "Titled Tuesday Blitz June 13 Late 2023"]
[White "Nazari, Arad"]
[Black "Rodriguez, Santiago"]
[WhiteFideId "12577324"]
[BlackFideId "3000591"]
[WhiteElo "2175"]
[BlackElo "2249"]
[Result "1-0"]
[Round "10"]
[TimeControl "180+2"]
[Date "2023.06.13"]
[WhiteClock "0:01:07"]
[BlackClock "0:00:52"]
[Board "29"]

1. e4 c5 2. Nf3 Nc6 3. Bb5 g6 4. Bxc6 bxc6 5. O-O Bg7 6. c3 Nh6 7. d4 cxd4 8. cxd4 O-O 9. h3 d5 10. Nc3 dxe4 11. Nxe4 Rb8 12. b3 Nf5 13. Bb2 Qd5 14. Nc3 Qa5 15. Re1 Rd8 16. Ne2 Ba6 17. Qc2 c5 18. dxc5 Bxb2 19. Qxb2 Bxe2 20. Qxe2 Qxc5 21. g4 Nd4 22. Nxd4 Rxd4 23. Qxe7 Qc3 24. Qe5 Rbd8 25. Rad1 R8d5 26. Qf6 Rd8 27. Rxd4 Qxe1+ 28. Kg2 Re8 29. Rd8 Qe3 30. fxe3 1-0


[Site "https://www.chess.com"]

[Event "Titled Tuesday Blitz June 13 Late 2023"]
[White "Lin, Dachey"]
[Black "HamedWafa4"]
[WhiteFideId "2029650"]
[WhiteElo "2313"]
[BlackElo "2560"]
[Result "1-0"]
[Round "10"]
[TimeControl "180+2"]
[Date "2023.06.13"]
[WhiteClock "0:00:59"]
[BlackClock "0:00:22"]
[Board "30"]

1. g4 d5 2. Bg2 Bxg4 3. c4 c6 4. Qb3 Qd7 5. cxd5 Nf6 6. Nc3 e6 7. h3 Bf5 8. e4 Bg6 9. dxe6 fxe6 10. d4 Na6 11. Be3 O-O-O 12. Nf3 Bh5 13. Ne5 Qc7 14. Qxe6+ Kb8 15. a3 Bd6 16. f4 Rhe8 17. Qc4 Nd7 18. O-O Rf8 19. b4 Nf6 20. Rab1 Ka8 21. b5 cxb5 22. Qxb5 Be8 23. Qb3 Nh5 24. Nd5 Qb8 25. Nc4 Bc6 26. e5 Bxe5 27. Nxe5 1-0


[Site "https://www.chess.com"]

[Event "Titled Tuesday Blitz June 13 Late 2023"]
[White "Goryachkina, Aleksandra"]
[Black "Kramnik, Vladimir"]
[WhiteFideId "4147103"]
[BlackFideId "4101588"]
[WhiteElo "2471"]
[BlackElo "2703"]
[Result "0-1"]
[Round "10"]
[TimeControl "180+2"]
[Date "2023.06.13"]
[WhiteClock "0:00:00"]
[BlackClock "0:00:48"]
[Board "31"]

1. e4 c5 2. Nf3 e6 3. c3 Nf6 4. e5 Nd5 5. d4 cxd4 6. cxd4 d6 7. Bc4 Be7 8. O-O O-O 9. Qe2 Nc6 10. Nc3 dxe5 11. dxe5 Nxc3 12. bxc3 Qc7 13. Re1 b6 14. Bd3 Bb7 15. Bg5 Rfd8 16. Bc2 h6 17. Bf4 Na5 18. Rac1 Qc4 19. Qxc4 Nxc4 20. Nd4 Rac8 21. Bb3 Bd5 22. h3 Rc5 23. Nc2 Nb2 24. Bxd5 Rcxd5 25. Rb1 Nd3 26. Re4 Nxf4 27. Rxf4 Rxe5 28. Ra4 Rd7 29. Nd4 Rc5 30. Rb3 Bf6 31. Ra6 g6 32. Rba3 e5 33. Ne2 Rcc7 34. Ng3 Be7 35. Kh2 Bxa3 0-1


[Site "https://www.chess.com"]

[Event "Titled Tuesday Blitz June 13 Late 2023"]
[White "Kleiman, Jake"]
[Black "Remizov, Yaroslav"]
[WhiteFideId "2020041"]
[BlackFideId "34134015"]
[WhiteElo "2653"]
[BlackElo "2405"]
[Result "1-0"]
[Round "10"]
[TimeControl "180+2"]
[Date "2023.06.13"]
[WhiteClock "0:00:25"]
[BlackClock "0:00:00"]
[Board "32"]

1. e4 c5 2. c3 Nf6 3. e5 Nd5 4. Bc4 Nb6 5. Bb3 d6 6. exd6 Qxd6 7. Nf3 Nc6 8. O-O Bf5 9. d4 cxd4 10. Nxd4 Nxd4 11. cxd4 g6 12. Qf3 Qd7 13. a4 a5 14. Re1 Bg7 15. Bg5 O-O 16. Nc3 Rae8 17. d5 Nc8 18. Rad1 Nd6 19. h3 h5 20. Re3 f6 21. Bf4 Rf7 22. Rde1 Rd8 23. R3e2 Bf8 24. Qg3 Kh7 25. Qh4 Rg7 26. Re3 Kg8 27. Bh6 g5 28. Qd4 Rf7 29. Bxf8 Rdxf8 30. Re6 Rd8 31. Qe3 Re8 32. Qb6 Kh7 33. Qxa5 Rg7 34. R6e3 h4 35. Qb4 g4 36. a5 gxh3 37. Qxh4+ Kg8 38. Rg3 hxg2 39. Kxg2 Bg6 40. Rh1 Kf7 41. Bc2 1-0


[Site "https://www.chess.com"]

[Event "Titled Tuesday Blitz June 13 Late 2023"]
[White "Bjelobrk, Igor"]
[Black "Harsh Suresh"]
[WhiteFideId "4300726"]
[BlackFideId "45018464"]
[WhiteElo "2319"]
[BlackElo "2209"]
[Result "0-1"]
[Round "10"]
[TimeControl "180+2"]
[Date "2023.06.13"]
[WhiteClock "0:00:47"]
[BlackClock "0:01:43"]
[Board "33"]

1. d4 d6 2. Nf3 Nf6 3. c4 Bf5 4. Nc3 c6 5. Nh4 Bg4 6. h3 Bh5 7. g4 Bg6 8. Nxg6 hxg6 9. e4 e5 10. d5 cxd5 11. cxd5 Nbd7 12. Be3 a6 13. a4 Qa5 14. f3 Be7 15. Qb3 O-O 16. Qa3 Rfc8 17. b4 Qc7 18. Rc1 Ne8 19. h4 Qd8 20. Bf2 a5 21. Bb5 axb4 22. Qxb4 Nc5 23. Kf1 Na6 24. Qa3 Qa5 25. Kg2 Nf6 26. Rhd1 Nc5 27. Ne2 Qxb5 0-1


[Site "https://www.chess.com"]

[Event "Titled Tuesday Blitz June 13 Late 2023"]
[White "Korchmar, Vasiliy"]
[Black "Vakhlamov, Igor L."]
[WhiteFideId "24131750"]
[BlackFideId "24126748"]
[WhiteElo "2370"]
[BlackElo "2407"]
[Result "1-0"]
[Round "10"]
[TimeControl "180+2"]
[Date "2023.06.13"]
[WhiteClock "0:00:03"]
[BlackClock "0:00:01"]
[Board "34"]

1. e4 c5 2. Nf3 e6 3. g3 d5 4. exd5 exd5 5. d4 Nc6 6. Bg2 Nf6 7. O-O Be7 8. dxc5 Bxc5 9. a3 a5 10. Nc3 h6 11. Nb5 O-O 12. Nfd4 Nxd4 13. Nxd4 Qb6 14. c3 Bxd4 15. Qxd4 Qxd4 16. cxd4 Bf5 17. Bf4 Rac8 18. Rfc1 Bd3 19. Bh3 Rc4 20. Rxc4 dxc4 21. Bc7 a4 22. Bg2 Be4 23. Bxe4 Nxe4 24. d5 Nf6 25. d6 Re8 26. Rd1 Nd7 27. Kf1 Re5 28. Rd4 b5 29. f4 Re3 30. Rd5 Rb3 31. Rd2 c3 32. bxc3 Rxc3 33. Rb2 Rxa3 34. Rxb5 Rd3 35. Ra5 a3 36. Ke2 Rb3 37. Ra7 Rb2+ 38. Ke3 a2 39. h4 f5 40. Kd4 Kf7 41. Kd5 Rd2+ 42. Kc6 Ke6 43. Ra8 Rc2+ 44. Kb5 Rg2 45. Kc4 Rc2+ 46. Kb5 g6 47. Kb4 Kd5 48. Kb3 Rg2 49. Rxa2 Rxg3+ 50. Kb4 Rg4 51. Rd2+ Ke4 52. Re2+ Kd5 53. Re7 Kc6 54. Re6 Rxf4+ 55. Kc3 Rg4 56. h5 gxh5 57. Rxh6 h4 58. Kd3 Kd5 59. Ke3 Ne5 60. Kf2 f4 61. Rh5 Ke4 62. Rxe5+ Kxe5 63. d7+ 1-0


[Site "https://www.chess.com"]

[Event "Titled Tuesday Blitz June 13 Late 2023"]
[White "Klukin, Kirill"]
[Black "Sydoryka, Vladyslav"]
[WhiteFideId "24199273"]
[BlackFideId "14145928"]
[WhiteElo "2344"]
[BlackElo "2269"]
[Result "1-0"]
[Round "10"]
[TimeControl "180+2"]
[Date "2023.06.13"]
[WhiteClock "0:00:15"]
[BlackClock "0:00:00"]
[Board "35"]

1. f4 Nh6 2. Nf3 g6 3. g3 Bg7 4. Bg2 O-O 5. O-O d5 6. d3 c5 7. e4 Nc6 8. Nc3 dxe4 9. dxe4 b6 10. h3 Bb7 11. Be3 Nd4 12. e5 Nxf3+ 13. Bxf3 Bxf3 14. Qxf3 Nf5 15. Rad1 Qc8 16. Bf2 Nd4 17. Bxd4 cxd4 18. Rxd4 Qxh3 19. Rfd1 Rac8 20. Rd7 b5 21. R1d2 Qe6 22. Nd5 Qxd7 23. Nf6+ exf6 24. Rxd7 fxe5 25. c3 exf4 26. gxf4 b4 27. cxb4 Rc1+ 28. Kg2 Rc2+ 29. Kf1 Rxb2 30. Rxa7 Rc8 31. Ra8 Rxa8 32. Qxa8+ Bf8 33. a3 h5 34. f5 h4 35. fxg6 fxg6 36. Qe8 Rb1+ 37. Kg2 Kg7 38. Qe5+ Kh7 39. Qd4 h3+ 40. Kxh3 Rb3+ 41. Kg2 Rxa3 42. b5 Rb3 43. b6 Bg7 44. Qh4+ Kg8 45. Qd8+ Kh7 46. Qc7 Kh6 47. b7 Be5 48. Qxe5 Rxb7 49. Qh8+ Kg5 50. Qd8+ Kh6 51. Qd2+ Kh7 52. Kg3 Rf7 53. Kg4 Rf5 54. Qd7+ Kh6 55. Qd8 Kg7 56. Qe8 Rh5 57. Qe7+ Kh6 58. Qf6 Kh7 59. Qf7+ Kh6 60. Qg8 Rg5+ 61. Kf4 Rf5+ 62. Ke4 Kg5 63. Qh8 Rf4+ 64. Ke5 Rf5+ 65. Ke6 Rf4 66. Qe5+ Rf5 67. Qg3+ Kh6 68. Qh4+ Kg7 69. Qd4+ Kh6 70. Qc3 Kg5 71. Qh3 Rf6+ 72. Ke7 Rf5 73. Qh8 Kg4 74. Qh6 g5 75. Qe6 Kf4 76. Qc4+ Kg3 77. Ke6 Rf4 78. Qd3+ Kg4 79. Ke5 Kh4 80. Qe2 Kg3 81. Qd1 Kh4 82. Qe2 Kg3 83. Qh5 g4 84. Qh1 Rf3 85. Ke4 Rf4+ 86. Ke3 Rf3+ 87. Ke2 Rf2+ 88. Ke1 Rf3 89. Qg1+ Kf4 90. Ke2 Kf5 91. Qb1+ Kf4 92. Qb8+ Kf5 93. Qg8 Kf4 94. Qg6 Kg3 95. Qd6+ Kg2 96. Qd5 Kg3 97. Qe5+ Kg2 98. Qe4 Kg3 99. Ke1 Kh3 100. Qe5 Kg2 101. Ke2 Kh3 102. Qg5 Kg3 103. Qh5 Rf2+ 104. Ke1 Rf3 105. Qe5+ Kg2 106. Ke2 Kh3 107. Qe6 Kg3 108. Qd6+ Kg2 109. Qd5 Kg3 110. Qh5 Rf2+ 111. Ke3 Rf3+ 112. Ke4 Rf4+ 113. Ke5 Rf3 114. Qh1 Kf2 115. Qh2+ Ke3 116. Qg1+ 1-0


[Site "https://www.chess.com"]